[Event "Prague Festival Challengers 2024"]
[Site "Prague"]
[Date "2024.03.05"]
[Round "7.3"]
[White "Korobov, Anton"]
[Black "Finek, Vaclav"]
[Result "1-0"]
[ECO "A20"]
[WhiteElo "2663"]
[BlackElo "2416"]
[Annotator "TA"]
[PlyCount "161"]
[EventDate "2024.02.22"]
[EventType "tourn"]
[EventCountry "CZE"]
[SourceTitle "playchess.com"]
[Source "ChessBase"]
[SourceQuality "1"]
[TimeControl "40/5400+30:1800+30"]

1. c4 e5 2. d3 Nf6 3. Nf3 Nc6 4. a3 d5 5. cxd5 Nxd5 6. e3 {[%emt 0:00:08] A20: Englische Eröffnung.} a5 7. Be2 Bd6 8. O-O O-O 9. b3 Re8 10. Bb2 Be6 11. Nbd2 f6 $146 ({Predecessor:} 11... Qe7 12. Nc4 f6 13. Rc1 Qf7 14. Nfd2 Bf8 15. Ne4 Nb8 16. Bh5 g6 17. Bf3 Nd7 {1-0 Firouzja,A (2777)-Anand,V (2754) Zagreb SuperUnited Blitz 2023 (15)}) 12. Qc2 Qd7 13. Ne4 Rad8 14. Nc5 Bxc5 15. Qxc5 Qf7 16. Nd2 Nb6 17. Qc2 Rd7 18. Rac1 Red8 19. Rfe1 Kh8 20. Ba1 Ne7 21. Qb1 Nbd5 22. g3 Qg6 23. Kh1 Bg4 24. Bf1 Qh5 25. Rc4 Nb6 26. Rc5 Nc6 27. b4 axb4 28. axb4 Bf5 29. e4 Bh3 30. Be2 Bg4 31. f3 Be6 32. b5 Ne7 33. Rec1 Qh6 34. Nf1 Na8 35. Bc3 c6 36. Ba5 Re8 37. Bd2 Qh5 38. g4 Qf7 39. Ng3 cxb5 40. Rxb5 Nc6 41. Be3 Nd8 42. Nf5 Nc7 43. Rb6 Bxf5 $1 44. gxf5 Na8 (44... g6 $142) 45. Rb2 $16 Nc7 46. Rg1 b5 47. Bd1 Nc6 (47... Nb7 $16) 48. Rbg2 Qf8 49. Qc1 $1 Nd4 50. Bxd4 exd4 51. Qc6 Rde7 {[%emt 0:04:03] [#]} 52. Bb3 $1 Rb8 53. Rg3 Qd8 $2 (53... Rd8 $16 {leistet mehr Widerstand.} 54. f4 Red7) 54. Rh3 $18 (54. f4 Qe8 55. Qc5 Qd8 $18) 54... Qf8 55. Qd6 Rd8 $2 (55... h6 56. Rxh6+ (56. Qxd4 Ra8 $16) 56... gxh6) 56. Qc6 Rb8 $1 57. Qc5 (57. Rxh7+ $142 Kxh7 58. Rg4) 57... Rd7 $2 {[%emt 0:00:48] [#]} (57... h6 58. Rxh6+ (58. Qxd4 Rd8 $16) 58... gxh6 59. Rg8+ (59. Qxd4 $2 Rg7 $19) 59... Qxg8 60. Bxg8 Rg7) 58. Rxh7+ $1 $18 (58. Qxf8+ Rxf8 59. Ra1 Ra8 60. Rxa8+ Nxa8 $16) 58... Kxh7 59. Rg3 g5 60. fxg6+ Kg7 61. Qh5 Qh8 62. Qf5 Re7 63. Rh3 Qxh3 64. Qxh3 Rh8 65. Qg3 Ne8 66. f4 Rc7 67. Qg4 Re7 68. e5 fxe5 69. fxe5 $2 (69. Qg5 Ra7 70. fxe5 (70. Qxe5+ Nf6 $18)) 69... Rxe5 $18 70. Qxd4 Kf6 $2 (70... Rhh5 {ist zäher.} 71. Qd7+ Kh6) 71. Bf7 $18 Ng7 72. Qd6+ Kf5 $2 (72... Ne6 {ist eine bessere Verteidigung.} 73. Bxe6 Re1+ 74. Kg2 Rxe6) 73. Bd5 Re1+ (73... Rxd5 $142 74. Qxd5+ Kxg6 75. Qc6+ (75. Qxb5 Rf8 $18) 75... Kg5 76. Qg2+ (76. Qxb5+ Nf5 $18) 76... Kf6 77. Qb2+ Kg6 78. Qxb5 Nf5 79. Qb6+ Kg5) 74. Kg2 $18 Re2+ 75. Kg3 (75. Kf3 $142 Rhxh2 76. Be4+ Kg5 77. Qd8+ Kh6 78. Qh8+ Kg5 79. Qxg7 Rhf2+ 80. Kg3) 75... Ne6 76. Bxe6+ Rxe6 77. Qd5+ Kf6 78. Qd4+ ({Minderwertig wäre} 78. Qxb5 Rg8 $14) 78... Re5 79. g7 Rhe8 80. Kf4 Kxg7 81. Qxe5+ 1-0

[Event "Prague Festival Challengers 2024"]
[Site "Prague"]
[Date "2024.03.05"]
[Round "7.4"]
[White "Hrbek, Stepan"]
[Black "Mishra, Abhimanyu"]
[Result "0-1"]
[ECO "B97"]
[WhiteElo "2426"]
[BlackElo "2627"]
[Annotator "TA"]
[PlyCount "34"]
[EventDate "2024.02.22"]
[EventType "tourn"]
[EventCountry "CZE"]
[SourceTitle "playchess.com"]
[Source "ChessBase"]
[SourceQuality "1"]
[TimeControl "40/5400+30:1800+30"]

1. e4 c5 2. Nf3 d6 3. d4 cxd4 4. Nxd4 Nf6 5. Nc3 a6 6. Bg5 e6 7. f4 Qb6 8. Qd2 Qxb2 9. Rb1 Qa3 10. f5 {[%emt 0:00:36] Hoping for fxe6.} Be7 11. fxe6 Bxe6 12. Nxe6 fxe6 {[%emt 0:00:10] The position is equal.} 13. Rxb7 (13. Bc4 $1 $11 Nbd7 14. Bxe6) 13... Nbd7 $15 {[%emt 0:08:03][%cal Bb8d7,Bd7c5,Bc5e4][%mdl 32] Threatens to win with ...Nc5.} 14. Bc4 {[%emt 0:05:03] [#]} Nc5 15. Rc7 (15. Rxe7+ $17 Kxe7 16. O-O (16. e5 dxe5 17. O-O Rhf8 $11)) 15... Bd8 16. Bb5+ $2 (16. Bxf6 $17 Bxc7 (16... Bxf6 17. Nb5 $14) 17. Bxg7) 16... axb5 $19 17. Nxb5 {[%emt 0:00:31] [#]} Ncxe4 $1 {[%emt 0:03:32] White did not feel at home in the position after the opening.   Weighted Error Value: White=0.99/Black=0.03 (flawless) .  Loses game:     	White=1     	---        Mistake:       	White=2     	---        OK:         	---       	Black=2      Best:        	White=1     	Black=1} 0-1

[Event "Prague Festival Challengers 2024"]
[Site "Prague"]
[Date "2024.03.05"]
[Round "7.5"]
[White "Vaishali, Rameshbabu"]
[Black "Rodshtein, Maxim"]
[Result "0-1"]
[ECO "B23"]
[WhiteElo "2481"]
[BlackElo "2580"]
[Annotator "TA"]
[PlyCount "74"]
[EventDate "2024.02.22"]
[EventType "tourn"]
[EventCountry "CZE"]
[SourceTitle "playchess.com"]
[Source "ChessBase"]
[SourceQuality "1"]
[TimeControl "40/5400+30:1800+30"]

1. e4 c5 2. Nc3 d6 3. Bb5+ Nd7 4. d4 cxd4 5. Qxd4 a6 6. Bxd7+ Bxd7 7. Nge2 e6 8. O-O {[%emt 0:12:38] The position is equal.} Nf6 9. a4 Qc7 10. Bg5 Ng4 11. h3 Ne5 12. f4 h6 {[%emt 0:01:38] Hoping for ...Nc6.} 13. Bh4 Ng6 14. Bg3 Rc8 15. Kh1 Qc5 16. Qd2 Be7 17. Rad1 Rd8 (17... b5 $11) 18. Bf2 $16 Qc7 19. Bd4 $36 {[%emt 0:01:02][%mdl 2048] White is on the roll.} O-O 20. f5 ({Better is} 20. Ng3 $1 $16) 20... Bg5 $11 21. Qd3 Ne5 22. Qg3 {[%emt 0:00:10] And now f6 would win.} Kh7 23. h4 Bf6 24. Nf4 Bc6 (24... Rg8 $11) 25. fxe6 $16 Qe7 (25... Rde8 $142) 26. Ncd5 Bxd5 27. Nxd5 Qxe6 28. Rf5 {[%emt 0:00:38] Nxf6+ would now be deadly.} Be7 29. Rdf1 {[%emt 0:01:41][%cal Od5f4] Nf4! is the strong threat.} Rc8 (29... f6 $16 {keeps fighting.}) 30. c3 (30. Nf4 $1 $18 {[%cal Rf4e6] and the rest is easy.} Bxh4 31. Qxh4) 30... Bd8 31. Nf4 Qc4 {[%emt 0:02:47][%csl LRa4,LRf1] [#]} 32. Nh5 $1 Rg8 {[%emt 0:00:31] [#]} 33. Bxe5 (33. b3 $1 $16 Qe2 34. Bxe5 dxe5 35. Re1 (35. Qxe5 f6 $11)) 33... dxe5 $11 34. Rxf7 Rc7 35. Rf8 Qxe4 {[%emt 0:00:55] White must now prevent ...Rc4.} 36. R1f7 (36. Nf6+ $11 Bxf6 37. R1xf6 Rxf8 38. Rxf8) 36... Bxh4 (36... Qxh4+ 37. Qxh4 Bxh4 38. Rxc7 $14) 37. Rxc7 (37. Nf6+ $17 Bxf6 38. Rxf6) 37... Qb1+ {[%emt 0:00:17] Weighted Error Value: White=0.39/Black=0.19 (very precise) .  Loses game:     	White=1     	---        Mistake:       	White=4     	Black=4      Inaccurate:     	White=2     	Black=3      OK:         	White=10    	Black=13     Best:        	White=2     	Black=5      Strong:       	White=1     	---} (37... Bxg3 $2 {too greedy.} 38. Nf6+ Kg6 39. Nxe4 $18) 0-1

[Event "Prague Festival Challengers 2024"]
[Site "Prague"]
[Date "2024.03.06"]
[Round "8.1"]
[White "Gurel, Ediz"]
[Black "L'Ami, Erwin"]
[Result "1/2-1/2"]
[ECO "C69"]
[WhiteElo "2560"]
[BlackElo "2627"]
[Annotator "RC"]
[PlyCount "113"]
[EventDate "2024.02.22"]
[EventType "tourn"]
[EventCountry "CZE"]
[SourceTitle "playchess.com"]
[Source "ChessBase"]
[SourceQuality "1"]
[TimeControl "40/5400+30:1800+30"]

1. e4 e5 2. Nf3 Nc6 3. Bb5 a6 4. Bxc6 dxc6 5. O-O f6 6. d4 exd4 7. Nxd4 c5 8. Ne2 Qxd1 9. Rxd1 Be6 10. Nbc3 Ne7 11. Bf4 Rc8 12. Bg3 Nc6 13. Nf4 Bf7 14. Nfd5 Ne5 15. f4 Nc6 16. f5 Ne5 17. Bxe5 fxe5 18. Kf2 h5 19. Ne2 c4 20. Ng1 Bc5+ 21. Ne3 g6 22. Nf3 gxf5 23. exf5 O-O 24. Ke2 Be8 25. Rd5 Bxe3 26. Kxe3 Rxf5 27. Rxe5 Bg6 28. Kd2 Rcf8 29. Rae1 Kg7 30. Rxf5 Rxf5 31. Re7+ Rf7 32. Rxf7+ Bxf7 33. c3 Kf6 34. Ke3 Kf5 35. Nd4+ Kg4 36. Ne2 Bd5 37. h3+ Kf5 38. Ng3+ Kg5 39. Ne4+ Kh4 40. Kf4 Bxe4 41. Kxe4 Kg3 42. Kf5 b5 43. Kg5 h4 44. a4 bxa4 45. Kh5 a5 46. Kg5 c5 47. Kh5 Kxg2 48. Kxh4 Kf3 49. Kg5 Ke4 50. h4 Kd3 51. h5 Kc2 52. h6 Kxb2 53. h7 a3 54. h8=Q a2 55. Qh2+ Kb1 56. Qg1+ Kb2 57. Qf2+ 1/2-1/2

[Event "Prague Festival Challengers 2024"]
[Site "Prague"]
[Date "2024.03.06"]
[Round "8.2"]
[White "Mishra, Abhimanyu"]
[Black "Stalmach, Richard"]
[Result "1/2-1/2"]
[ECO "B92"]
[WhiteElo "2627"]
[BlackElo "2433"]
[Annotator "TA"]
[PlyCount "47"]
[EventDate "2024.02.22"]
[EventType "tourn"]
[EventCountry "CZE"]
[SourceTitle "playchess.com"]
[Source "ChessBase"]
[SourceQuality "1"]
[TimeControl "40/5400+30:1800+30"]

1. e4 c5 2. Nf3 d6 3. d4 cxd4 4. Nxd4 Nf6 5. Nc3 a6 6. Be2 e5 7. Nb3 Be6 8. Be3 Nbd7 9. f4 Qc7 10. f5 Bc4 11. Bxc4 {[%emt 0:00:50] White has an edge.} Qxc4 12. Qf3 b5 13. a3 h5 14. Nd2 Qc6 15. O-O Be7 {[%emt 0:01:13] The position is equal.} 16. Kh1 Bd8 17. Nd5 (17. Rac1 {simplifies} Bb6 18. Nd5 Bxe3 19. Nxe3 Rc8 20. c4) 17... Qxc2 18. Rfc1 Qxb2 {[%emt 0:00:24][%cal Oa8c8] ...Rc8! is the strong threat.} 19. Rab1 Qxa3 20. Ra1 $1 Qb2 $1 (20... Qd3 $2 21. Nb4 $18) 21. Rab1 (21. Rcb1 $5 Qc2 $8 22. Rc1 $11) 21... Qa3 {[%emt 0:00:19] [#] Threatens to win with ...Nxd5.} 22. Ra1 $1 Qb2 $1 {[%emt 0:00:03] And now ...Nxd5 would win.} ({Not} 22... Qd3 $2 23. Nb4 $18) 23. Rab1 (23. Rcb1 $5 Qc2 $8 24. Rc1 Qb2 $11 (24... Qd3 $2 25. Nb4 $18)) 23... Qa3 {[%emt 0:00:05] aiming for ...Nxd5.} 24. Ra1 $1 {[%emt 0:00:10] Not much happened in this game.   Weighted Error Value: White=0.02 (flawless) /Black=0.02 (flawless) .  OK:         	White=4     	Black=7      Strong:       	White=3     	Black=2} 1/2-1/2

[Event "Prague Festival Challengers 2024"]
[Site "Prague"]
[Date "2024.03.06"]
[Round "8.3"]
[White "Santos Latasa, Jaime"]
[Black "Korobov, Anton"]
[Result "1-0"]
[ECO "C11"]
[WhiteElo "2615"]
[BlackElo "2663"]
[Annotator "TA"]
[PlyCount "99"]
[EventDate "2024.02.22"]
[EventType "tourn"]
[EventCountry "CZE"]
[SourceTitle "playchess.com"]
[Source "ChessBase"]
[SourceQuality "1"]
[TimeControl "40/5400+30:1800+30"]

1. e4 e6 2. d4 d5 3. Nc3 Nf6 4. e5 Nfd7 5. f4 c5 6. Nf3 Nc6 7. Be3 a6 8. a3 Be7 9. dxc5 Nxc5 10. b4 Nd7 {[%emt 0:01:18] Weiß hat minimalen Vorteil.} 11. Bd3 b5 12. O-O O-O 13. Nd4 Nxd4 14. Bxd4 Nb8 15. Bf2 f5 16. Ne2 Bd7 17. Nd4 Nc6 18. Nxc6 Bxc6 19. Bd4 Rf7 20. g4 g6 21. gxf5 gxf5 22. Kf2 (22. Kh1 {vereinfacht} Rg7 23. Rg1 Bf8 24. Rxg7+ Bxg7 25. Qh5) 22... Rg7 23. Rg1 Rg6 24. Qh5 Be8 25. Ke3 (25. c3 $14) 25... Bf8 ({Besser ist} 25... a5 $11) 26. c3 Rc8 27. Qh3 Rc6 28. Be2 Qc8 {[%emt 0:03:07] ...Rxc3+ wäre nun fies.} 29. Kd2 Rc7 30. Bh5 Rxg1 31. Rxg1+ Rg7 {[%emt 0:00:06] Schwarz hat schwache schwarze Felder} 32. Rxg7+ Kxg7 33. Be2 Be7 34. Bf2 Qd8 35. Qg3+ Kf8 36. Qe3 {[%emt 0:00:24] Weiß steht aktiver.} ({Vorzuziehen ist} 36. Kc2 $16) 36... Qc7 (36... d4 $14 37. cxd4 (37. Qxd4 Qa8 $11) 37... Bc6) 37. Qh3 $16 Kg8 38. Bh4 Bf8 39. Qg2+ Qg7 40. Qf2 (40. Qg3 {vereinfacht} Qxg3 41. hxg3 Kg7 42. Bf6+) 40... Qc7 {[%emt 0:00:11] Wehrt Qb6 ab} 41. Qg1+ Bg6 42. Bg5 Kf7 43. h4 {[%emt 0:01:37][%cal Bh2h4,Bh4h5][%mdl 32] Droht h5 und aus.} Ke8 (43... h5 $16 44. Kc2 Qb7) 44. h5 Bf7 {[%emt 0:00:03] [#]} 45. a4 $1 bxa4 {[%emt 0:05:40][%mdl 8192] [#] Führt Schwarz ins Verderben.} (45... Kd7 $16 {ist eine bessere Chance.}) 46. Qa1 $1 $18 {[%emt 0:00:32] Weiß steht klar auf Gewinn.} (46. Bxa6 Bxh5 47. Bb5+ Kf7 48. Bxa4 h6 $11) 46... Be7 47. Qxa4+ ({Und nicht} 47. Bxa6 Bxg5 48. Qxa4+ (48. fxg5 Bxh5 49. Qxa4+ Kf7 $11) 48... Ke7 49. fxg5 Qxe5 $11) 47... Kf8 48. Bh6+ ({Weniger gut wäre} 48. Qxa6 Bxg5 49. fxg5 Qxe5 50. Qa8+ Be8 $16) 48... Kg8 49. Qxa6 Qd8 50. Qa1 {[%emt 0:00:51] Gewichteter Fehlerwert: Weiß=0.11 (sehr präzise) /Schwarz=0.27 (präzise) .  Verlustzug:     	---       	Schwarz=1     Fehler:       	Weiß=2     	Schwarz=3     Ungenau:       	---       	Schwarz=2     OK:         	Weiß=23    	Schwarz=10    Bester:       	Weiß=1     	Schwarz=2     Stark:        	Weiß=2     	---} 1-0

[Event "Prague Festival Challengers 2024"]
[Site "Prague"]
[Date "2024.03.06"]
[Round "8.4"]
[White "Finek, Vaclav"]
[Black "Vaishali, Rameshbabu"]
[Result "1/2-1/2"]
[ECO "E11"]
[WhiteElo "2416"]
[BlackElo "2481"]
[Annotator "TA"]
[PlyCount "84"]
[EventDate "2024.02.22"]
[EventType "tourn"]
[EventCountry "CZE"]
[SourceTitle "playchess.com"]
[Source "ChessBase"]
[SourceQuality "1"]
[TimeControl "40/5400+30:1800+30"]

1. d4 Nf6 2. c4 e6 3. g3 d5 4. Nf3 Bb4+ 5. Bd2 Be7 6. Bg2 c6 7. O-O Nbd7 8. Qc2 Ne4 9. Nc3 {[%emt 0:00:21] White has an edge.} f5 10. Bf4 {[%emt 0:00:13] [#] Strongly threatening cxd5.} g5 11. Be3 h5 12. Nxe4 dxe4 13. Ne5 Nxe5 14. dxe5 Qc7 15. Rad1 c5 (15... Rg8 $11) 16. Qc3 (16. Bxe4 $1 $14 fxe4 17. Qxe4) 16... h4 $11 17. Rd2 {[%emt 0:14:27] [#]} (17. gxh4 $11 Rxh4 18. f3) 17... h3 $1 $17 18. Bh1 Rg8 19. Rfd1 $1 b6 20. Kf1 Bb7 (20... Rb8 $5) 21. f3 exf3 22. exf3 Rd8 23. Rxd8+ Bxd8 24. Ke2 Be7 25. b3 Kf7 26. Bc1 Bc6 27. Bb2 Rd8 28. Rxd8 Qxd8 29. Qd3 Qxd3+ 30. Kxd3 {[%emt 0:00:30][%mdl 4096] Endgame. KBB-KBB} Kg6 31. Bc1 Bf8 (31... f4 $17 32. g4 (32. gxf4 $2 {perishes.} g4 $19) 32... b5) 32. Bxg5 $1 $15 Bxf3 33. Bxf3 Kxg5 {[%emt 0:00:03] KB-KB} 34. Be2 Bg7 35. Bf1 Kg4 36. Be2+ Kg5 37. Bf1 Bxe5 38. Bxh3 Bd4 39. Bg2 e5 40. h3 Bf2 {[%emt 0:04:12] The position is equal.} 41. g4 Kf4 42. gxf5 Kxf5 {[%emt 0:00:04] Weighted Error Value: White=0.11 (very precise) /Black=0.10 (very precise) .  Mistake:       	White=2     	Black=2      Inaccurate:     	White=1     	Black=1      OK:         	White=12    	Black=18     Best:        	White=6     	Black=1      Strong:       	White=2     	Black=1} 1/2-1/2

[Event "Prague Festival Challengers 2024"]
[Site "Prague"]
[Date "2024.03.06"]
[Round "8.5"]
[White "Rodshtein, Maxim"]
[Black "Hrbek, Stepan"]
[Result "0-1"]
[ECO "C55"]
[WhiteElo "2580"]
[BlackElo "2426"]
[Annotator "TA"]
[PlyCount "134"]
[EventDate "2024.02.22"]
[EventType "tourn"]
[EventCountry "CZE"]
[SourceTitle "playchess.com"]
[Source "ChessBase"]
[SourceQuality "1"]
[TimeControl "40/5400+30:1800+30"]

1. e4 e5 2. Nf3 Nc6 3. Bc4 Nf6 4. d3 h6 5. O-O d6 6. c3 g5 7. Nbd2 Bg7 8. Bb3 a5 {[%emt 0:00:41] Weiß hat minimalen Vorteil.} 9. Nc4 O-O 10. Ne3 Ne7 11. h3 Ng6 12. Nh2 Nf4 13. a4 h5 14. Re1 Bd7 15. Nhf1 (15. Nc4 $16) 15... Qc8 (15... g4 $11 {bleibt in der Remisbreite.}) 16. Ng3 $1 $16 Bxh3 17. Ngf5 Bxf5 18. Nxf5 Kh7 19. g3 Ne6 20. Kg2 Bh6 21. Rh1 Ng7 22. Nxh6 Kxh6 23. d4 (23. Bc2 $16) 23... Kg6 $2 (23... Nxe4 $11 24. Re1 f5) 24. Qd2 Nxe4 (24... Nh7 $16) 25. Qe3 ({Vorzuziehen ist} 25. Bc2 $18 f5 (25... Qf5 $2 26. Qe2 $18) 26. Bxe4 fxe4 27. Qxg5+ Kf7 28. dxe5) 25... Qg4 {[%emt 0:01:35] [#]} 26. Bc2 (26. Bd5 $2 Nf6 27. Bf3 exd4 $19) (26. Bd1 $1 $16 exd4 27. cxd4) 26... d5 $1 $11 {[%emt 0:00:28] Droht stark ...h4.} (26... f5 $2 27. Bd1 d5 (27... exd4 $2 28. Qxd4 c5 29. Qc4 $18) 28. Qe1 $18 (28. Bxg4 fxg4 29. Rf1 Rf3 $18)) 27. Qe1 Qe6 $1 28. f3 (28. Bxe4+ dxe4 29. Qxe4+ Qf5 30. Qxe5 (30. Qxf5+ $2 Nxf5 31. dxe5 Rad8 $17) 30... Qxe5 31. dxe5 Rfd8 $16) 28... f5 29. fxe4 fxe4 30. Qe3 {[%emt 0:01:16] Verhindert Rf3.} ({Günstiger ist} 30. Bd1 $14) 30... Rf5 $15 {[%emt 0:03:38] Droht ...exd4 und aus.} 31. Bd2 $1 exd4 32. cxd4 Raf8 33. Raf1 $1 (33. Bxa5 $2 Rf2+ (33... Rf3 $2 34. Qe1 $19) 34. Qxf2 Rxf2+ 35. Kxf2 Qf6+ 36. Ke3 Nf5+ 37. Kd2 Nxd4 $19 (37... Nxg3 $2 38. Rhe1 $19) (37... Qxd4+ $2 38. Kc1 $19)) 33... Qf6 $36 {[%emt 0:00:51][%mdl 2048] Weiss steht unter starkem Druck. Schach mit Chili.} 34. Rxf5 (34. Qe1 $17) 34... Nxf5 $19 35. Qe2 h4 (35... Qxd4 $2 36. Qxh5+ (36. Bxa5 $2 Ne3+ 37. Kh3 g4+ 38. Kh2 Nxc2 $19) 36... Kf6 37. Bc3 $18 (37. Qxg5+ Ke6 $18) (37. Qxg5+ Ke6 $18)) 36. Rf1 $2 (36. Be1 Nxd4 (36... Qxd4 37. gxh4 Qxb2 38. Rh3 $11) 37. Bxe4+ Kg7 (37... dxe4 $2 38. Qxe4+ Qf5 39. Qxf5+ Nxf5 40. gxh4 $19) 38. Qg4 dxe4 39. gxh4) 36... Ne3+ 37. Bxe3 (37. Qxe3 Qxf1+ 38. Kh2 Rf2+) 37... Qxf1+ (37... h3+ 38. Kxh3 (38. Kg1 $2 h2+ 39. Kxh2 Qxf1 $19) 38... Qxf1+ 39. Qxf1 Rxf1 40. Kg2 (40. Kg4 Rf3 $17)) 38. Qxf1 h3+ 39. Kxh3 Rxf1 40. Kg4 (40. Kg2 $142 Ra1 41. Kf2) 40... c6 41. b3 b6 42. Bxg5 Rh1 43. Be3 Kf6 44. Bd2 Rf1 45. Be3 Ke6 46. Kh3 Re1 47. Bf4 c5 48. dxc5 bxc5 49. Kg4 d4 {[%emt 0:02:15] Weiss muss nun ...Kd5 beachten.} 50. b4 cxb4 51. Bb3+ Kd7 52. Kf5 e3 {[%emt 0:01:59] ...e2 ist eine echte Drohung.} 53. Be6+ Kc6 54. Ke4 e2 {[%emt 0:00:13] ...Rf1 wäre nun fies.} 55. Kd3 {[%emt 0:02:07] [#]} b3 $1 56. Bxb3 Rb1 57. Kxe2 Rxb3 {[%emt 0:00:07] KR-KB} 58. g4 Kd5 59. g5 Ke4 60. Bd2 d3+ 61. Kf2 Rb2 62. Ke1 Rb1+ (62... Kf3 $142 63. Bc3 Re2+ 64. Kd1 Ke3 65. Bxa5 Rb2 66. Kc1 Ra2 67. g6 Rxa4 68. g7 Rg4 (68... Rxa5 69. g8=Q $19) 69. Bd2+ Ke2 70. Bh6 Rxg7 71. Bxg7 d2+ 72. Kb2 d1=Q (72... d1=B 73. Bh8 $11) 73. Kc3 Qa1+ 74. Kc4 Qxg7 75. Kd5 Qd7+ 76. Ke4 Qd6 77. Kf5 Kf3 78. Kg5 Qe6 79. Kh5 Kf4 80. Kh4 Qh6#) 63. Kf2 Rb2 (63... Rb3 $19 64. g6 Rb7 (64... Rb2 65. g7 $11)) 64. Ke1 Kf3 {[%emt 0:00:30] Schwarz setzt Matt.} 65. Bc3 Re2+ 66. Kd1 Ke3 67. Bxa5 Rb2 {[%emt 0:00:17] Was für ein Comeback für Schwarz.   Gewichteter Fehlerwert: Weiß=0.67/Schwarz=0.15 (sehr präzise) .  Fehler:       	Weiß=8     	Schwarz=3     Ungenau:       	Weiß=1     	Schwarz=3     OK:         	Weiß=14    	Schwarz=15    Bester:       	Weiß=2     	Schwarz=3     Stark:        	Weiß=3     	Schwarz=2} 0-1

[Event "Prague Festival Challengers 2024"]
[Site "Prague"]
[Date "2024.03.07"]
[Round "9.1"]
[White "Korobov, Anton"]
[Black "Gurel, Ediz"]
[Result "0-1"]
[ECO "A03"]
[WhiteElo "2663"]
[BlackElo "2560"]
[Annotator "TA"]
[PlyCount "126"]
[EventDate "2024.02.22"]
[EventType "tourn"]
[EventCountry "CZE"]
[SourceTitle "playchess.com"]
[Source "ChessBase"]
[SourceQuality "1"]
[TimeControl "40/5400+30:1800+30"]

1. f4 d5 2. Nf3 c5 3. g3 Nc6 4. Bg2 g6 5. O-O Bg7 6. d3 Nf6 7. Qe1 d4 8. c3 O-O 9. Na3 Be6 {[%emt 0:06:45] A03: Bird's Opening with 1...d5.} 10. Bd2 Qd7 11. Ng5 Bf5 12. Nc4 h6 13. Nf3 Bh3 14. Nce5 Nxe5 15. fxe5 $146 ({Predecessor:} 15. Nxe5 Qe6 16. Bxh3 Qxh3 17. e4 dxe3 18. Bxe3 b6 19. d4 Rac8 20. Qe2 Qe6 21. dxc5 bxc5 22. Qc4 Qxc4 23. Nxc4 Ne4 24. Rfd1 Rfd8 {½-½ Grunberg,F (2267)-Horvath,P (2463) Szombathely Savaria op 3rd 2003 (2)}) 15... dxc3 16. bxc3 Nd5 17. Bxh3 Qxh3 18. Qf2 Rac8 19. c4 Nb6 20. Rab1 Rc7 21. Ba5 Qe6 22. Rb5 Rfc8 23. h4 Rc6 24. Kg2 a6 25. Rb3 Nd7 26. d4 cxd4 27. Nxd4 Qxc4 28. e6 Qd5+ (28... Bxd4 $2 29. Qxf7+ (29. exf7+ $2 Kf8 $19) 29... Kh8 30. exd7 $18) 29. Qf3 (29. e4 $15 Qxe4+ (29... Qxa5 $2 30. exd7 Rf8 31. Nxc6 $18) (29... Qxd4 $2 30. Qxd4 Bxd4 31. exd7 $18) 30. Kh3) 29... Qxd4 $17 (29... Qxa5 $2 {is the wrong capture.} 30. Qxf7+ (30. exd7 Rf8 $18) (30. Nxc6 Ne5 $18) 30... Kh7 31. exd7 $18) 30. exd7 Qxd7 31. Qxf7+ Kh7 32. Rd3 Qe6 33. Rf2 Qe4+ 34. Qf3 Qa4 35. Bd8 Qxa2 36. Bxe7 Qe6 37. Bb4 h5 38. Re3 Qc4 39. Re4 Qd5 (39... Qg8 $142 40. Qf7 (40. Re7 R6c7 $17) 40... R6c7) 40. Re7 $17 Qxf3+ 41. Rxf3 R8c7 42. Rff7 Rxe7 43. Rxe7 b5 44. Ra7 Kg8 45. Ra8+ Kf7 46. Ra7+ Kf6 $1 47. Kf3 Bh6 48. e3 g5 49. Be7+ (49. hxg5+ $142 Kxg5 (49... Bxg5 50. Ra8 $17) 50. Be7+ Kg6 51. e4) 49... Kg6 $17 50. Ke4 $2 {[%emt 0:00:00] [#]} (50. Ra8 $17 {is a better defense.}) 50... gxh4 $1 $19 51. Bxh4 Re6+ 52. Kd5 Bxe3 ({Weaker is} 52... Rxe3 53. Rxa6+ Kh7 54. Rb6 $11) 53. Ra8 Kf7 54. Rd8 Rb6 55. Ke4 Bh6 56. Kf5 $2 (56. Rd7+ Kg6 57. Bd8 Re6+ 58. Kd5) 56... Rb7 $19 57. Rd6 {[%emt 0:00:51] [#]} Bg7 $1 58. Bf6 b4 59. Bxg7 Kxg7 60. Rg6+ Kh7 61. Rxa6 b3 62. Ra1 b2 63. Rb1 Kg7 0-1

[Event "Prague Festival Challengers 2024"]
[Site "Prague"]
[Date "2024.03.07"]
[Round "9.2"]
[White "L'Ami, Erwin"]
[Black "Mishra, Abhimanyu"]
[Result "1/2-1/2"]
[ECO "D10"]
[WhiteElo "2627"]
[BlackElo "2627"]
[Annotator "TA"]
[PlyCount "91"]
[EventDate "2024.02.22"]
[EventType "tourn"]
[EventCountry "CZE"]
[SourceTitle "playchess.com"]
[Source "ChessBase"]
[SourceQuality "1"]
[TimeControl "40/5400+30:1800+30"]

1. d4 d5 2. c4 c6 3. Nc3 Nf6 4. cxd5 cxd5 5. Bf4 Nc6 6. e3 a6 7. Bd3 Bg4 8. Nge2 e6 9. h3 Bxe2 10. Qxe2 Bd6 11. Bg5 O-O 12. O-O h6 13. Bh4 Be7 14. Bg3 Bd6 15. f4 Ne8 16. Rad1 f5 17. Be1 Nf6 18. Bh4 Qd7 19. Bxf6 Rxf6 20. g4 g6 21. Kh1 Kh8 22. Rg1 Rg8 23. Rg2 Qh7 24. gxf5 gxf5 {[%emt 0:01:39] The position is equal.} 25. Rdg1 Rfg6 26. Qh5 Rxg2 (26... Ne7 {simplifies} 27. Rxg6 Rxg6 28. Rxg6 Qxg6 29. Qxg6 Nxg6 30. Na4 Kg7) 27. Rxg2 Rxg2 28. Kxg2 Ne7 29. Na4 Qg8+ 30. Kf2 Kg7 31. Qd1 Qc8 32. Be2 Qc7 33. Nc3 Kf6 34. Bh5 Nc6 35. Ne2 Na5 36. Qg1 Qg7 {[%emt 0:00:08] Against Qg6+} 37. Ng3 Qf8 38. Be2 Nc6 39. Qc1 Ne7 40. Qd1 Qc8 41. Bd3 Kg7 42. Qh5 Qf8 43. Qd1 Qc8 44. a3 Ng8 45. Nh5+ Kf7 46. Qc2 {[%emt 0:03:52] A balanced but interesting game.   Weighted Error Value: White=0.02 (flawless) /Black=0.01 (flawless) .  Inaccurate:     	White=1     	---        OK:         	White=12    	Black=18} 1/2-1/2